 Dungeon Crawl Stone Soup version 0.25.1-8-g42b30a86e7 (webtiles) character file.

Game seed: 7667148850409402835

413 MajorAdolf the Sneak (level 6, -2/60 HPs)
             Began as a Naga Wanderer on Dec 19, 2020.
             Slain by a worker ant zombie (6 damage)
             ... on level 5 of the Dungeon.
             The game lasted 00:09:43 (4496 turns).

MajorAdolf the Sneak (Naga Wanderer)                Turns: 4496, Time: 00:09:44

Health: -2/60      AC:  5    Str: 18    XL:     6   Next: 90%
Magic:  7/7        EV: 10    Int: 12    God:
Gold:   243        SH:  0    Dex:  9    Spells: 5/5 levels left

rFire    . . .     SeeInvis +   v - +1 dagger (venom)
rCold    . . .     Gourm    .   (no shield)
rNeg     . . .     Faith    .   e - +0 robe
rPois    +         Spirit   .   r - +1 helmet
rElec    .         Reflect  .   (no cloak)
rCorr    .         Harm     .   (no gloves)
MR       .....                  (no barding)
Stlth    +++.......             (no amulet)
HPRegen  0.20/turn              (no ring)
MPRegen  0.10/turn              (no ring)

@: very slow
A: large, see invisible, deformed body, poison resistance, slowness 2, slow
metabolism 1, spit poison 1, AC +2
a: Spit Poison


You were on level 5 of the Dungeon.
You were not hungry.

You visited 1 branch of the dungeon, and saw 5 of its levels.

You collected 243 gold pieces.

Inventory:

Hand Weapons
 a - a +2 shortbow
 v - a +1 dagger of venom (weapon)
 w - a +0 hand axe
Missiles
 b - 58 arrows
Armour
 e - a +0 robe (worn)
 r - a +1 helmet (worn)
Wands
 g - a wand of polymorph (11)
 x - a wand of enslavement (2)
Scrolls
 h - a scroll of remove curse
 t - a scroll of fear
Potions
 c - 3 potions of curing
 k - a potion of might
 o - a potion of ambrosia {unknown}
 q - a potion of degeneration {unknown}
 s - a potion of berserk rage {unknown}
 u - 2 potions of stabbing {unknown}
 z - a potion of flight {unknown}
Comestibles
 f - 9 rations


   Skills:
 + Level 4.8 Fighting
 + Level 1.3 Short Blades
 * Level 4.1 Axes
 - Level 2.0 Bows
 - Level 2.0 Dodging
 + Level 5.8 Stealth
 + Level 1.5 Evocations


You had 5 spell levels left.
You didn't know any spells.
Your spell library was empty.

Dungeon Overview and Level Annotations

Branches:
Dungeon (5/15)             Temple (0/1) D:4

Altars:
Dithmenos
Fedhas
Hepliaklqana
The Shining One

Shops:
D:4 (

Portals:
Sewer: D:5


Innate Abilities, Weirdness & Mutations

You cannot wear boots.
Your serpentine skin is tough. (AC +2)
You have supernaturally acute eyesight. (SInv)
Armour fits poorly on your strangely shaped body.
Your system is resistant to poisons. (rPois)
You cover ground very slowly.
You have a slow metabolism.
You can spit poison.


Message History

The worker ant zombie is severely damaged.
The worker ant zombie bites you but does no damage.
You hit the worker ant zombie but do no damage.
The worker ant zombie is severely damaged.
The worker ant zombie bites you.
* * * LOW HITPOINT WARNING * * *
You hit the worker ant zombie.
The worker ant zombie is almost destroyed.
The worker ant zombie bites you.
* * * LOW HITPOINT WARNING * * *
You hit the worker ant zombie.
The worker ant zombie is almost destroyed.
The worker ant zombie barely misses you.
You hit the worker ant zombie but do no damage.
The worker ant zombie is almost destroyed.
The worker ant zombie barely misses you.
You hit the worker ant zombie but do no damage.
The worker ant zombie is almost destroyed.
The worker ant zombie bites you.
You die...

#...≈≈≈≈≈...#
#.†#...#..##
#.........#
##...####.# ##.?..#
####### ###..##.#
#.....# #..[###...
#..<..# ##Z### ##..#
#.....# #.@# ...#
#.....# ##.## ##..#
##.#### ###..#####
#..
...##÷######........#
...........#........#
$..##...............#
.. #.#.####..........
. #...# #..........#
. #...## ######.###.#


You could see a worker ant zombie.

Vanquished Creatures
  A howler monkey (D:5)
  A centaur skeleton (D:4)
  Ijyb (D:4)
  An orc wizard (D:3)
  3 worker ants
  A killer bee zombie (D:5)
  Robin (D:3)
  7 adders
  3 oozes
  An adder skeleton (D:4)
  2 worms (D:3)
  2 dart slugs (D:2)
  4 leopard geckos
  5 orcs
  3 giant cockroaches
  13 goblins
  10 hobgoblins
  6 jackals
  10 kobolds
  3 quokkas (D:4)
  4 ball pythons (D:3)
  9 bats
  5 frilled lizards
  A jackal skeleton (D:4)
  A quokka skeleton (D:4)
  9 rats
107 creatures vanquished.

Notes
Turn   | Place    | Note
-------+----------+-------------------------------------------
     0 | D:1      | MajorAdolf the Naga Wanderer began the quest for the Orb.
     0 | D:1      | MajorAdolf set off with the following items: a +2 shortbow,
                  | 24 arrows, a potion of curing, a potion of lignification, a
                  | +0 robe, a ration
     0 | D:1      | Reached XP level 1. HP: 22/22 MP: 1/1
   172 | D:1      | Reached XP level 2. HP: 29/30 MP: 2/2
   757 | D:2      | Reached XP level 3. HP: 28/37 MP: 3/3
   856 | D:2      | Reached skill level 1 in Axes
   856 | D:2      | Reached skill level 2 in Stealth
  1092 | D:2      | Found a shadowy altar of Dithmenos.
  1434 | D:2      | Reached XP level 4. HP: 45/45 MP: 4/4
  1947 | D:3      | Reached skill level 3 in Stealth
  2041 | D:3      | Noticed Robin
  2064 | D:3      | Killed Robin
  2240 | D:3      | Reached XP level 5. HP: 50/51 MP: 5/5
  2584 | D:3      | Reached skill level 4 in Stealth
  2994 | D:4      | Found Olumad's Antique Weapon Emporium.
  3036 | D:4      | Noticed Ijyb
  3232 | D:4      | Killed Ijyb
  3246 | D:3      | Reached skill level 5 in Stealth
  3246 | D:3      | Reached XP level 6. HP: 26/58 MP: 6/6
  3591 | D:4      | Found a staircase to the Ecumenical Temple.
  3778 | D:4      | Found a hazy altar of Hepliaklqana.
  3778 | D:4      | Found a glowing golden altar of the Shining One.
  3778 | D:4      | Found a blossoming altar of Fedhas.
  4232 | D:4      | Reached skill level 1 in Short Blades
  4300 | D:5      | Entered Level 5 of the Dungeon
  4404 | D:5      | Found a glowing drain.
  4438 | D:5      | HP: 4/87 [killer bee zombie (1)]
  4496 | D:5      | Slain by a worker ant zombie

Illustrated notes

Levels and vault maps discovered:
D:1:      dpeg_arrival_oval, layout_rooms, minmay_indecisive_spiral
D:2:      minmay_inner_zag, layout_basic, lemuel_doored_altar
D:3:      layout_rooms, first_ration, grunt_ministairs_6, uniq_robin
D:4:      layout_cave_pools, chequers_temple_overflow_statue_of_worship,
          temple_fountains, serial_shops, shop_statue, corexii_hall_statues_t,
          minmay_misc_feat_four_crosses, uniq_ijyb
D:5:      layout_rooms, cheibrodos_sewer_entry_drain

Skill      XL: |  1  2  3  4  5  6 |
---------------+-------------------+-----
Bows           | 2 |  2.0
Axes           | 1 2 3 4 |  4.1
Stealth        | 2 3 5 |  5.8
Dodging        | 2 |  2.0
Short Blades   | 1 |  1.3
Fighting       | |  4.8
Evocations     | |  1.5

Action                   |  1- 3 |  4- 6 || total
-------------------------+-------+-------++-------
Melee: Dagger            |       |   173 ||   173
 Fire: Shortbow          |    88 |    90 ||   178
 Abil: Spit Poison       |     4 |     5 ||     9
  Use: Potion            |       |     4 ||     4
       Scroll            |       |     8 ||     8
 Stab: Sleeping          |       |     4 ||     4
       Distracted        |       |     1 ||     1
  Eat: Chunk             |     1 |     8 ||     9
Armor: Robe              |     7 |    57 ||    64
       Skin              |       |    39 ||    39
Dodge: Dodged            |    24 |   107 ||   131
